 Dungeon Crawl Stone Soup version 0.29-a0-294-g83ea962da3 (webtiles) character file.

Game seed: 17525189839642642633

12 sanka the Ducker (level 2, 29/29 HPs)
             Began as a Gnoll Monk on Mar 18, 2022.
             Was a Believer of Dithmenos.
             Quit the game on level 1 of the Dungeon.
             The game lasted 00:00:34 (357 turns).

sanka the Ducker (Gnoll Monk)                        Turns: 357, Time: 00:00:35

Health: 29/29      AC:  3    Str: 10    XL:     2   Next: 33%
Magic:  2/2        EV: 14    Int:  9    God:    Dithmenos [**....]
Gold:   27         SH:  0    Dex: 14    Spells: 1/1 levels left

rFire   . . .      SeeInvis .   a - +0 hand axe
rCold   . . .      Faith    .   (no shield)
rNeg    . . .      Spirit   .   b - +0 robe
rPois   .          Reflect  .   (no helmet)
rElec   .          Harm     .   (no cloak)
rCorr   .          Rampage  .   (no gloves)
Will    .....                   f - +0 pair of boots
Stlth   +++.......              (no amulet)
HPRegen 0.09/turn               (no ring)
MPRegen 0.08/turn               (no ring)

@: wreathed by umbra
A: fangs 1, strong nose, distributed training
a: Renounce Religion, Shadow Step


You were on level 1 of the Dungeon.
You worshipped Dithmenos.
Dithmenos was pleased with you.
You visited 1 branch of the dungeon, and saw 1 of its levels.

You collected 27 gold pieces.


Innate Abilities, Weirdness & Mutations

You have very sharp teeth.
Your uncanny sense of smell can sniff out nearby items.
Your experience applies equally to all skills.


   Skills:
 + Level 6.4 Fighting
 + Level 0.3 Short Blades
 + Level 0.3 Long Blades
 + Level 6.4 Axes
 + Level 0.3 Maces & Flails
 + Level 0.3 Polearms
 + Level 0.3 Staves
 + Level 0.3 Slings
 + Level 0.3 Bows
 + Level 0.3 Crossbows
 + Level 0.3 Throwing
 + Level 0.3 Armour
 + Level 6.4 Dodging
 + Level 4.0 Stealth
 + Level 0.3 Shields
 + Level 0.3 Unarmed Combat
 + Level 0.3 Spellcasting
 + Level 0.2 Conjurations
 + Level 0.2 Hexes
 + Level 0.2 Summonings
 + Level 0.2 Necromancy
 + Level 0.2 Translocations
 + Level 0.2 Transmutations
 + Level 0.2 Fire Magic
 + Level 0.2 Ice Magic
 + Level 0.2 Air Magic
 + Level 0.2 Earth Magic
 + Level 0.2 Poison Magic
 + Level 0.4 Invocations
 + Level 0.3 Evocations


You had one spell level left.
You didn't know any spells.
Your spell library was empty.

Inventory:

Hand Weapons
 a - a +0 hand axe (weapon)
Armour
 b - a +0 robe (worn)
 f - a +0 pair of boots (worn)
Scrolls
 d - 2 scrolls of identify {unknown}
Potions
 c - a potion of ambrosia
 e - a potion of heal wounds {unknown}

Dungeon Overview and Level Annotations

Branches:
Dungeon (1/15)

Altars:
Dithmenos

▒▒▒▒...........♣.♣.▒.▒
▒.▒▒▒▒..♣.♣..♣.♣..▒
▒.▒▒▒..♣.♣♣♣♣♣♣.▒.▒
▒.....♣♣.♣...♣♣♣..▒
▒.▒..♣♣♣♣.♣♣..♣ .▒▒
▒.▒▒▒.♣ ♣♣♣♣..♣ ♣▒
▒.▒▒..♣♣♣ ♣..♣♣♣
▒.▒▒▒.♣.♣♣.♣.♣.♣ ▒▒
▒.▒ ▒..♣♣♣♣♣g.♣ ▒. ▒.▒
▒▒.♣♣..♣♣♣♣ ▒▒▒▒▒▒.
..▒ ▒.♣....♣♣♣♣♣
▒......
.▒▒▒▒...........
▒.▒▒▒▒.
▒.............▒▒ ▒.
▒▒.▒▒▒▒▒▒...▒.▒ ▒.
▒▒.▒▒.▒ ▒. ▒.▒▒.▒ ▒.
▒▒.▒▒.▒ ▒.


There were no monsters in sight!


Message History

You slash the rat!
You kill the rat!
Unknown command.
The kobold shouts!
You hear an angry hiss.
A kobold is nearby!
You hit the kobold.
The kobold is moderately wounded.
The kobold hits you but does no damage.
You hit the kobold.
The kobold is severely wounded.
The kobold hits you but does no damage.
You hit the kobold.
You kill the kobold!
No target in view!
No target in view!
A frilled lizard comes into view.
Found a faded altar of an unknown god.
You catch the helpless frilled lizard completely off-guard!
You hit the frilled lizard.
You kill the frilled lizard!
No target in view!
No target in view!
There is a faded altar of an unknown god here.
You cannot tell which god this altar belongs to.
Convert to them anyway?
Dithmenos accepts your prayer! Dithmenos welcomes you!
You are shrouded in an aura of darkness!
You can now step into the shadows of nearby creatures.
Are you sure you want to abandon this character and quit the game? (Confirm with "yes".)

Action                   || total
-------------------------++-------
Melee: Hand axe          ||    32
       Bite              ||     5
 Stab: Sleeping          ||     2
       Distracted        ||     1
Armor: Robe              ||     6
Dodge: Dodged            ||    15

Levels and vault maps discovered:
D:1:      onia_arrival_handbag, layout_loops_ring,
          chequers_ecumenical_altar_grove, nrook_mini_backslash, minmay_bisected

Notes
Turn   | Place    | Note
-------+----------+-------------------------------------------
     0 | D:1      | sanka the Gnoll Monk began the quest for the Orb.
     0 | D:1      | Reached XP level 1. HP: 23/23 MP: 1/1
   226 | D:1      | Reached XP level 2. HP: 29/29 MP: 2/2
   349 | D:1      | Found a faded altar of an unknown god.
   356 | D:1      | Prayed at the altar of an unknown god.
   356 | D:1      | Became a worshipper of Dithmenos the Shadowed
   356 | D:1      | Reached * piety under Dithmenos
   356 | D:1      | Reached ** piety under Dithmenos
   357 | D:1      | Quit the game

Vanquished Creatures
  2 endoplasms (D:1)
  A giant cockroach (D:1)
  A hobgoblin (D:1)
  2 jackals (D:1)
  2 frilled lizards (D:1)
  2 kobolds (D:1)
  A rat (D:1)
11 creatures vanquished.
